 Dungeon Crawl Stone Soup version 0.30.0-29-ga12c61a403 (webtiles) character file.

Game seed: 11337322714840650504

13223 qw the Cleaver (level 12, -2/76 HPs)
             Began as a Gargoyle Fighter on June 4, 2023.
             Was an Elder of Okawaru.
             Slain by a death yak (16 damage)
             ... on level 2 of the Lair of Beasts.
             The game lasted 00:04:00 (8793 turns).

qw the Cleaver (Gargoyle Fighter)                   Turns: 8793, Time: 00:04:00

Health: -2/76      AC: 30    Str: 24    XL:     12   Next: 3%
Magic:  14/15      EV: 12    Int: 13    God:    Okawaru [****..]
Gold:   1624       SH:  7    Dex: 14    Spells: 11/11 levels left

rFire   + . .        Y - +8 war axe (heavy)
rCold   . . .        c - +0 buckler
rNeg    + . .        k - +0 chain mail
rPois   inf          m - +0 helmet
rElec   +            (no cloak)
rCorr   .            (no gloves)
SInv    .            b - +0 pair of boots {Stlth+}
Will    .....        i - amulet of regeneration
Stlth   ++           s - ring of Giapnute {rF+ AC+4 Stlth+}
HPRegen 1.12/turn    t - +6 ring of dexterity
MPRegen 0.14/turn

%: no passive effects
@: about to teleport, heroic
A: sickness immunity, AC +8, negative energy resistance 1, electricity
resistance, torment resistance 1, petrification resistance, iridescent scales 1,
clever 1, low MP 1, subdued magic 1
a: Renounce Religion, Heroism, Finesse


You were on level 2 of the Lair of Beasts.
You worshipped Okawaru.
Okawaru was greatly pleased with you.
You visited 3 branches of the dungeon, and saw 11 of its levels.
You also visited: Ossuary.

You collected 1689 gold pieces.
You spent 65 gold pieces at shops.


Innate Abilities, Weirdness & Mutations

You are immune to sickness and miasma.
Your stone body is resilient. (AC +8)
You are immune to poison.
You resist negative energy. (rN+)
You are resistant to electric shocks. (rElec)
You are resistant to unholy torment.
You are immune to petrification.
You are partially covered in iridescent scales. (AC +2)
Your mind is acute. (Int +4, Str/Dex -1)
Your magical capacity is low. (-10% MP)
Your spells are a little easier to cast, but a little less powerful.


   Skills:
 - Level 9.1(14.1) Fighting
 - Level 12.0(17.0) Axes
 - Level 3.2(8.2) Throwing
 + Level 6.8(11.8) Armour
 - Level 4.1(9.1) Dodging
 - Level 6.1(11.1) Shields
 + Level 7.2 Invocations


You had 11 spell levels left.
You didn't know any spells.
Your spell library was empty.

Inventory:

Hand Weapons
 l - a -2 demon whip of venom
 Y - a +8 heavy war axe (weapon)
Missiles
 y - a javelin (quivered)
Armour
 b - a +0 pair of boots of stealth (worn)
 c - a +0 buckler (worn)
 k - a +0 chain mail (worn)
 m - a +0 helmet (worn)
Jewellery
 i - an amulet of regeneration (around neck)
 s - the ring of Giapnute (left hand) {rF+ AC+4 Stlth+}
   (You found it on level 1 of the Lair of Beasts)

   [ring of protection]

   AC:        It affects your AC (+4).
   rF:        It protects you from fire.
   Stlth:     It makes you more stealthy.
 t - a +6 ring of dexterity (right hand)
Wands
 u - a wand of digging (5)
Scrolls
 q - 4 scrolls of identify
 r - a scroll of teleportation
Potions
 a - a potion of attraction
 d - 2 potions of might
 f - 3 potions of haste
 g - 2 potions of cancellation
 j - a potion of magic
 n - 3 potions of resistance
 o - 5 potions of curing
 v - a potion of mutation
 w - a potion of lignification

Dungeon Overview and Level Annotations

Branches:
Dungeon (8/15)             Temple (1/1) D:4            Lair (2/5) D:8
Ossuary (visited)
  Swamp: Lair:2-3    Shoals: Lair:2-3     Snake: Lair:2-3    Spider: Lair:2-3

Altars:
Ashenzari
Cheibriados
Dithmenos
Elyvilon
Fedhas
Gozag
Hepliaklqana
Kikubaaqudgha
Makhleb
Nemelex Xobeh
Okawaru
Qazlal
Ru
Sif Muna
Trog
Uskayaw
Vehumet
Wu Jian
Xom
Yredelemnul
Zin
The Shining One

Shops:
D:4 *   D:5 ?

Annotations:
D:3 3 runed translucent doors, qw's ghost, amateur GrFi
D:7 2 transporters, qw's ghost, novice GrFi


Message History

You hear a bellow!
You slash the death yak!
The death yak is severely wounded.
You slice the death yak!! You hit the death yak but do no damage.
The death yak gores you but does no damage.
The death yak gores you. The death yak closely misses you.
You hit the death yak but do no damage.
The death yak is severely wounded.
You hit the death yak but do no damage. You slash the death yak!
The death yak gores you!
The death yak gores you but does no damage. x2
You slice the death yak!!
You kill the death yak!
Okawaru accepts your kill.
You hit the death yak. You hit the death yak but do no damage.
The death yak gores you.
You slash the death yak!
The death yak is moderately wounded.
You barely miss the death yak. You slash the death yak!
The death yak misses you. The death yak gores you! The death yak gores you!!
You cut the death yak into ribbons!!!
The death yak is almost dead.
You slash the death yak! You slice the death yak!!
The death yak gores you but does no damage. x3
You slice the death yak!!
You kill the death yak!
Okawaru is honoured by your kill. Okawaru grants you throwing weapons!
Something appears at your feet!
You barely miss the death yak. You hit the death yak. x2
The death yak closely misses you. You block the death yak's attack.
The death yak gores you but does no damage.
The death yak gores you! You block the death yak's attack.
The death yak gores you but does no damage. x2
Your Invocations skill increases to level 7!
You have reached level 12!
You feel clever.
8793 ||| READING 2 scrolls of teleportation.
As you read the scroll of teleportation, it crumbles to dust.
You feel strangely unstable. The death yak misses you. The death yak gores you!
You die...

### ##..^ ##########.######
##.... ##.#.............#
#..#..
................####..#..
................# #...#..
YY..............####%.#..
...#................##..
##.YYY........###.#..
#.Y@.......P## ###.#
#.##..#.##.## ### ##
#......## ##..##.+###
#P/.......# #### ##.......##
..#.#%.####.......# #
P..(...%(%<'.......####### #
..##.#.##%#%.%.......P...###


You could see 4 death yaks.

Vanquished Creatures
  Harold (Lair:1)
  A two-headed ogre (D:8)
  2 death yaks (Lair:2)
  Urug (Lair:1)
  Amaemon (Lair:1)
  Pikel (D:8)
  A cyclops (D:8)
  5 elephants (Lair:2)
  A cane toad (Lair:1)
  An orange demon (Lair:1)
  A rime drake (Lair:1)
  2 komodo dragons (Lair:1)
  3 polar bears (Lair:2)
  Grinder (D:6)
  7 blink frogs
  3 wyverns
  3 steam dragons (D:8)
  A vampire mosquito (D:8)
  6 water moccasins
  3 black bears
  An orc warrior (D:7)
  An ice beast (D:6)
  A phantom (D:6)
  3 lemures (D:8)
  Blork the orc (D:4)
  A gnoll sergeant (D:8)
  2 bullfrogs
  6 scorpions
  6 killer bees (D:8)
  6 howler monkeys
  2 hounds
  A jelly (D:4)
  5 orc priests
  An iguana (D:5)
  A sleepcap (D:4)
  An orc wizard (D:6)
  A mummy (Ossuary)
  10 gnolls
  9 adders
  2 shadow imps
  4 white imps
  An ufetubus (D:5)
  4 worms
  2 dart slugs
  14 orcs
  2 ball pythons
  5 bats
  4 endoplasms
  2 giant cockroaches
  12 gnoll zombies (Ossuary)
  6 goblins
  5 hobgoblins
  2 jackals (D:5)
  5 kobolds
  4 quokkas
  4 bat simulacra (Ossuary)
  2 frilled lizards
  5 goblin simulacra (Ossuary)
  3 goblin zombies (Ossuary)
  4 hobgoblin zombies (Ossuary)
  6 kobold zombies (Ossuary)
  5 orc zombies (Ossuary)
  7 rats
  2 rat simulacra (Ossuary)
  3 spectral goblins (Ossuary)
  4 spectral kobolds (Ossuary)
  A spectral rat (Ossuary)
224 creatures vanquished.

Notes
Turn   | Place    | Note
-------+----------+-------------------------------------------
     0 | D:1      | qw the Gargoyle Fighter began the quest for the Orb.
     0 | D:1      | Reached XP level 1. HP: 14/14 MP: 1/1
     0 | D:1      | 0 ||| qw: Version: 0.2-a-107-g4668610
     0 | D:1      | 0 ||| qw: Game counter: 1254
     0 | D:1      | 0 ||| qw: Always use a shield: true
     0 | D:1      | 0 ||| qw: God list: Okawaru
     0 | D:1      | 0 ||| qw: Allow faded altars: false
     0 | D:1      | 0 ||| qw: Do Orc after D:15 true
     0 | D:1      | 0 ||| qw: Do second Lair branch before Depths: true
     0 | D:1      | 0 ||| qw: Lair rune preference: random
     0 | D:1      | 0 ||| qw: Plans: Normal, Zot:1-4, Slime:5, God:TSO, Crypt,
                  | Tomb, Abyss, Pan, Hells, Win
     0 | D:1      | 0 ||| PLANNING D:1-11
    63 | D:1      | Reached skill level 2 in Axes
    78 | D:1      | 78 ||| FLEEEEING.
   117 | D:1      | Reached XP level 2. HP: 19/19 MP: 2/2
   591 | D:1      | 591 ||| Stepping ~*~*~tactically~*~*~ (hiding).
   793 | D:1      | 793 ||| UPGRADING to +0 chain mail.
   803 | D:1      | 803 ||| DROPPING +0 scale mail.
   804 | D:1      | 804 ||| UPGRADING to +0 helmet.
   809 | D:1      | 809 ||| UPGRADING to ring of willpower.
   810 | D:1      | 810 ||| READING scroll labelled GUNYNNOG LOEMU.
   810 | D:1      | Identified a scroll of acquirement
   810 | D:1      | 810 ||| ACQUIRING 1050 gold pieces
   810 | D:1      | Acquired 1050 gold pieces
   812 | D:1      | 812 ||| READING scroll labelled XOFIOH LA OLAO.
   813 | D:1      | 813 ||| READING scroll labelled YQIYRYSUDO.
   816 | D:1      | 816 ||| DRINKING 3 ruby potions.
   817 | D:1      | 817 ||| DRINKING 3 purple potions.
   918 | D:2      | Reached skill level 3 in Axes
   938 | D:2      | 938 ||| Stepping ~*~*~tactically~*~*~ (hiding).
   947 | D:2      | HP: 4/19 [orc priest/divine providence (10)]
   948 | D:2      | 948 ||| DRINKING 2 potions of heal wounds.
   952 | D:2      | Reached XP level 3. HP: 21/23 MP: 3/3
   979 | D:2      | 979 ||| DROPPING +0 whip.
  1125 | D:2      | 1125 ||| Stepping ~*~*~tactically~*~*~ (hiding).
  1127 | D:2      | 1127 ||| Stepping ~*~*~tactically~*~*~ (hiding).
  1139 | D:2      | 1139 ||| Stepping ~*~*~tactically~*~*~ (stealth).
  1147 | D:2      | Reached XP level 4. HP: 28/28 MP: 4/4
  1658 | D:2      | Reached skill level 4 in Axes
  1918 | D:2      | 1918 ||| READING scroll labelled MEQIZE ZYEDGH.
  1919 | D:2      | 1919 ||| READING 2 scrolls labelled SIRUHIVUSH.
  1920 | D:2      | 1920 ||| READING scroll labelled RIRU CE QUDGHUNT.
  1939 | D:2      | 1939 ||| DRINKING 3 fizzy coppery potions.
  1940 | D:2      | 1940 ||| DROPPING scroll of fog.
  1941 | D:2      | 1941 ||| DROPPING 2 potions of brilliance.
  1975 | D:3      | 1975 ||| Stepping ~*~*~tactically~*~*~ (hiding).
  1976 | D:3      | 1976 ||| Stepping ~*~*~tactically~*~*~ (hiding).
  1977 | D:3      | 1977 ||| Stepping ~*~*~tactically~*~*~ (hiding).
  2101 | D:3      | Found a runed translucent gate.
  2101 | D:3      | Found a runed translucent gate.
  2101 | D:3      | Found a runed translucent gate.
  2101 | D:3      | Noticed qw's ghost (amateur GrFi)
  2485 | D:3      | 2485 ||| Stepping ~*~*~tactically~*~*~ (water).
  2845 | D:3      | 2845 ||| UPGRADING to +0 pair of boots of stealth.
  2850 | D:3      | 2850 ||| READING scroll labelled PAECHI UGHU.
  2851 | D:3      | 2851 ||| READING scroll labelled NININW HA AXAC.
  2959 | D:4      | Noticed a scorpion
  2960 | D:4      | 2960 ||| Stepping ~*~*~tactically~*~*~ (hiding).
  2965 | D:4      | Killed a scorpion
  2966 | D:4      | Reached XP level 5. HP: 21/32 MP: 5/5
  3032 | D:4      | Reached skill level 5 in Axes
  3062 | D:4      | Reached XP level 6. HP: 38/38 MP: 6/6
  3207 | D:4      | Noticed Blork the orc
  3208 | D:4      | 3208 ||| Stepping ~*~*~tactically~*~*~ (hiding).
  3214 | D:4      | HP: 7/38 [frozen (3)]
  3215 | D:4      | 3215 ||| DRINKING potion of heal wounds.
  3217 | D:4      | Killed Blork the orc
  3263 | D:4      | Found Maet's Serpentskin Sales.
  3553 | D:4      | Reached skill level 6 in Axes
  3630 | D:4      | Found a staircase to the Ecumenical Temple.
  3631 | D:4      | 3631 ||| PLANNING TEMPLE
  3631 | D:4      | 3631 ||| READING scroll labelled XIREON ZUOGA.
  3632 | D:4      | 3632 ||| DRINKING 2 puce potions.
  3632 | D:4      | Gained mutation: You have hidden genetic defects. [potion
                  | of mutation]
  3632 | D:4      | Gained mutation: You are partially covered in iridescent
                  | scales. (AC +2) [potion of mutation]
  3632 | D:4      | Gained mutation: You are agile. (Dex +4, Str/Int -1)
                  | [potion of mutation]
  3638 | Temple   | Entered the Ecumenical Temple
  3638 | Temple   | Found a transporter.
  3638 | Temple   | Found a transporter.
  3640 | Temple   | Found a transporter.
  3640 | Temple   | Found a transporter.
  3650 | Temple   | 3650 ||| PLANNING D:1-11
  3698 | D:5      | Entered Level 5 of the Dungeon
  3711 | D:5      | Reached skill level 1 in Dodging
  3711 | D:5      | Reached XP level 7. HP: 40/44 MP: 7/7
  3711 | D:5      | Gained mutation: You do not regenerate when monsters are
                  | visible. [hidden defects]
  3725 | D:5      | 3725 ||| DRINKING potion of mutation.
  3725 | D:5      | Lost mutation: You are agile. (Dex +4, Str/Int -1) [potion
                  | of mutation]
  3725 | D:5      | Lost mutation: You do not regenerate when monsters are
                  | visible. [potion of mutation]
  3725 | D:5      | Gained mutation: Your mind is acute. (Int +4, Str/Dex -1)
                  | [potion of mutation]
  3725 | D:5      | Gained mutation: Your spells are a little easier to cast,
                  | but a little less powerful. [potion of mutation]
  3813 | D:5      | 3813 ||| Stepping ~*~*~tactically~*~*~ (stealth).
  3821 | D:5      | Gained mutation: Your magical capacity is low. (-10% MP)
                  | [hidden defects]
  3821 | D:5      | Lost mutation: You have hidden genetic defects. [hidden
                  | defects expressed]
  4027 | D:5      | Reached skill level 7 in Axes
  4058 | D:5      | 4058 ||| Stepping ~*~*~tactically~*~*~ (hiding).
  4215 | D:5      | 4215 ||| Stepping ~*~*~tactically~*~*~ (stealth).
  4248 | D:5      | Found The Oracle's Delphic Readings.
  4253 | D:5      | Reached XP level 8. HP: 49/49 MP: 7/7
  4260 | D:5      | 4260 ||| BUYING scroll of identify (26 gold).
  4260 | D:5      | Bought a scroll of identify for 26 gold pieces
  4260 | D:5      | 4260 ||| BUYING scroll of teleportation (39 gold).
  4260 | D:5      | Bought a scroll of teleportation for 39 gold pieces
  4367 | D:5      | Found a shadowy altar of Dithmenos.
  4369 | D:5      | Found a sparkling altar of Nemelex Xobeh.
  4372 | D:5      | Found a bloodstained altar of Trog.
  4376 | D:5      | Found an iron altar of Okawaru.
  4377 | D:5      | 4377 ||| PLANNING OKAWARU WORSHIP
  4377 | D:5      | 4377 ||| DROPPING amulet of magic regeneration.
  4378 | D:5      | 4378 ||| UPGRADING to amulet of regeneration.
  4383 | D:5      | 4383 ||| DRINKING 3 smoky silvery potions.
  4384 | D:5      | 4384 ||| DRINKING 2 metallic orange potions.
  4400 | D:5      | 4400 ||| DROPPING potion of ambrosia.
  4406 | D:5      | 4406 ||| UPGRADING to ring of willpower.
  4407 | D:5      | Became a worshipper of Warmaster Okawaru
  4407 | D:5      | 4407 ||| PLANNING D:1-11
  4408 | D:5      | Found a shimmering altar of Xom.
  4413 | D:5      | Found a white marble altar of Elyvilon.
  4415 | D:5      | Found a glowing silver altar of Zin.
  4416 | D:5      | Found an ornate altar of the Wu Jian Council.
  4613 | D:6      | Noticed Grinder
  4614 | D:6      | 4614 ||| Stepping ~*~*~tactically~*~*~ (hiding).
  4615 | D:6      | 4615 ||| Stepping ~*~*~tactically~*~*~ (hiding).
  4627 | D:6      | Killed Grinder
  4628 | D:6      | Reached skill level 8 in Axes
  4749 | D:6      | Reached skill level 6 in Fighting
  4774 | D:6      | Reached * piety under Okawaru
  4934 | D:6      | 4934 ||| INVOKING Heroism.
  4946 | D:6      | 4946 ||| INVOKING Heroism.
  4982 | D:6      | 4982 ||| DROPPING +0 flail.
  5041 | D:6      | Identified the +6 sling of the Rescuing Visionary {speed,
                  | rF- rN+++ Int-3 Stlth+}
  5189 | D:6      | 5189 ||| DRINKING 2 yellow potions.
  5190 | D:6      | 5190 ||| READING 4 scrolls of identify.
  5190 | D:6      | 5190 ||| IDENTIFYING bubbling purple potion
  5191 | D:6      | 5191 ||| READING 3 scrolls of identify.
  5191 | D:6      | 5191 ||| IDENTIFYING smoky black potion
  5192 | D:6      | 5192 ||| READING 2 scrolls of identify.
  5192 | D:6      | 5192 ||| IDENTIFYING smoky sapphire potion
  5193 | D:6      | 5193 ||| DROPPING potion of degeneration.
  5258 | D:7      | Noticed a hornet
  5267 | D:7      | Noticed qw's ghost (novice GrFi)
  5270 | D:7      | Found a transporter.
  5281 | D:7      | 5281 ||| FLEEEEING.
  5282 | D:7      | 5282 ||| FLEEEEING.
  5283 | D:7      | 5283 ||| FLEEEEING.
  5292 | D:7      | 5292 ||| INVOKING Heroism.
  5294 | D:7      | Reached skill level 9 in Axes
  5294 | D:7      | Reached XP level 9. HP: 55/55 MP: 5/8
  5301 | D:7      | 5301 ||| INVOKING Heroism.
  5424 | D:7      | 5424 ||| Stepping ~*~*~tactically~*~*~ (stealth).
  5427 | D:7      | 5427 ||| Stepping ~*~*~tactically~*~*~ (stealth).
  5428 | D:7      | 5428 ||| Stepping ~*~*~tactically~*~*~ (stealth).
  5430 | D:7      | 5430 ||| Stepping ~*~*~tactically~*~*~ (hiding).
  5437 | D:7      | 5437 ||| Stepping ~*~*~tactically~*~*~ (hiding).
  5449 | D:7      | Found a flagged portal.
  5662 | D:7      | Found a transporter.
  5681 | D:7      | Found an ancient bone altar of Kikubaaqudgha.
  5683 | D:7      | Found a sacrificial altar of Ru.
  5893 | D:7      | 5893 ||| UPGRADING to +6 ring of dexterity.
  5895 | D:7      | 5895 ||| DROPPING ring of willpower.
  5896 | D:7      | 5896 ||| READING 2 scrolls labelled LENAUT DUU.
  5897 | D:7      | 5897 ||| DROPPING scroll of fear.
  5929 | D:8      | 5929 ||| PLANNING OSSUARY
  5950 | D:8      | 5950 ||| Stepping ~*~*~tactically~*~*~ (stealth).
  5955 | D:8      | Reached skill level 1 in Invocations
  5957 | D:8      | 5957 ||| Stepping ~*~*~tactically~*~*~ (stealth).
  5987 | D:8      | 5987 ||| Stepping ~*~*~tactically~*~*~ (stealth).
  5988 | D:8      | 5988 ||| Stepping ~*~*~tactically~*~*~ (stealth).
  5989 | D:8      | 5989 ||| Stepping ~*~*~tactically~*~*~ (stealth).
  6113 | D:8      | 6113 ||| INVOKING Heroism.
  6118 | D:8      | Reached skill level 3 in Invocations
  6204 | D:8      | 6204 ||| Stepping ~*~*~tactically~*~*~ (hiding).
  6205 | D:8      | 6205 ||| Stepping ~*~*~tactically~*~*~ (hiding).
  6206 | D:8      | 6206 ||| Stepping ~*~*~tactically~*~*~ (hiding).
  6274 | D:8      | 6274 ||| INVOKING Heroism.
  6305 | D:8      | Noticed a cyclops
  6306 | D:8      | 6306 ||| INVOKING Heroism.
  6312 | D:8      | Killed a cyclops
  6367 | D:8      | Found a sand-covered staircase.
  6375 | D:8      | Noticed Pikel
  6376 | D:8      | 6376 ||| Stepping ~*~*~tactically~*~*~ (stealth).
  6378 | D:8      | 6378 ||| Stepping ~*~*~tactically~*~*~ (stealth).
  6381 | D:8      | 6381 ||| INVOKING Heroism.
  6386 | D:8      | Killed Pikel
  6387 | D:8      | Reached skill level 10 in Axes
  6387 | D:8      | Reached XP level 10. HP: 63/63 MP: 8/11
  6396 | Ossuary  | Entered an ossuary
  6702 | Ossuary  | 6702 ||| READING scroll labelled IKYXEVVEMA.
  6703 | Ossuary  | 6703 ||| READING 2 scrolls of identify.
  6703 | Ossuary  | 6703 ||| IDENTIFYING grey potion
  6728 | D:8      | 6728 ||| PLANNING D:1-11
  6820 | D:8      | Found a staircase to the Lair.
  6869 | D:8      | Found a burning altar of Makhleb.
  6869 | D:8      | Found a broken altar of Ashenzari.
  6869 | D:8      | Found a glowing golden altar of the Shining One.
  6883 | D:8      | Noticed a two-headed ogre
  6884 | D:8      | 6884 ||| INVOKING Heroism.
  6892 | D:8      | Killed a two-headed ogre
  6892 | D:8      | Reached ** piety under Okawaru
  6926 | D:8      | 6926 ||| INVOKING Heroism.
  7160 | D:8      | 7160 ||| PLANNING LAIR
  7160 | D:8      | 7160 ||| READING scroll labelled FENYLE AHAE.
  7214 | Lair:1   | Entered Level 1 of the Lair of Beasts
  7251 | Lair:1   | Noticed an orange demon
  7255 | Lair:1   | Noticed Amaemon
  7256 | Lair:1   | 7256 ||| INVOKING Heroism.
  7261 | Lair:1   | Killed an orange demon
  7273 | Lair:1   | 7273 ||| INVOKING Heroism.
  7274 | Lair:1   | Killed Amaemon
  7275 | Lair:1   | Reached skill level 11 in Axes
  7292 | Lair:1   | 7292 ||| DROPPING +0 morningstar.
  7306 | Lair:1   | 7306 ||| Stepping ~*~*~tactically~*~*~ (stealth).
  7312 | Lair:1   | Reached *** piety under Okawaru
  7314 | Lair:1   | Reached skill level 6 in Armour
  7331 | Lair:1   | Identified the ring of Giapnute {rF+ AC+4 Stlth+}
  7349 | Lair:1   | 7349 ||| INVOKING Heroism.
  7412 | Lair:1   | 7412 ||| Stepping ~*~*~tactically~*~*~ (stealth).
  7413 | Lair:1   | 7413 ||| Stepping ~*~*~tactically~*~*~ (stealth).
  7416 | Lair:1   | 7416 ||| INVOKING Heroism.
  7420 | Lair:1   | Reached skill level 9 in Fighting
  7426 | Lair:1   | Reached XP level 11. HP: 57/71 MP: 10/12
  7476 | Lair:1   | Noticed Urug
  7477 | Lair:1   | 7477 ||| FLEEEEING.
  7478 | Lair:1   | 7478 ||| FLEEEEING.
  7479 | Lair:1   | 7479 ||| FLEEEEING.
  7480 | Lair:1   | 7480 ||| FLEEEEING.
  7481 | Lair:1   | 7481 ||| FLEEEEING.
  7482 | Lair:1   | 7482 ||| Stepping ~*~*~tactically~*~*~ (hiding).
  7483 | Lair:1   | 7483 ||| Stepping ~*~*~tactically~*~*~ (hiding).
  7484 | Lair:1   | 7484 ||| Stepping ~*~*~tactically~*~*~ (hiding).
  7485 | Lair:1   | 7485 ||| INVOKING Heroism.
  7488 | Lair:1   | 7488 ||| Stepping ~*~*~tactically~*~*~ (hiding).
  7496 | Lair:1   | Killed Urug
  7537 | Lair:1   | 7537 ||| SWAPPING to +6 heavy war axe.
  7538 | Lair:1   | 7538 ||| DROPPING +0 heavy war axe.
  7563 | Lair:1   | 7563 ||| Stepping ~*~*~tactically~*~*~ (stealth).
  7564 | Lair:1   | 7564 ||| Stepping ~*~*~tactically~*~*~ (stealth).
  7565 | Lair:1   | 7565 ||| INVOKING Heroism.
  7568 | Lair:1   | Reached skill level 1 in Throwing
  7669 | Lair:1   | Noticed Harold
  7670 | Lair:1   | 7670 ||| INVOKING Heroism.
  7681 | Lair:1   | 7681 ||| INVOKING Heroism.
  7685 | Lair:1   | Killed Harold
  7692 | Lair:1   | HP: 15/71 [blink frog (8)]
  7693 | Lair:1   | 7693 ||| READING 3 scrolls of teleportation.
  7694 | Lair:1   | 7694 ||| DRINKING potion of heal wounds.
  7699 | Lair:1   | 7699 ||| INVOKING Heroism.
  7704 | Lair:1   | Reached skill level 3 in Throwing
  7713 | Lair:1   | Reached **** piety under Okawaru
  8144 | Lair:1   | 8144 ||| INVOKING Heroism.
  8439 | Lair:1   | 8439 ||| DROPPING ring of positive energy.
  8440 | Lair:1   | 8440 ||| UPGRADING to ring of Giapnute {rF+ AC+4 Stlth+}.
  8442 | Lair:1   | 8442 ||| DROPPING ring of willpower.
  8443 | Lair:1   | 8443 ||| READING 2 scrolls labelled WUGIHAHAOMO.
  8444 | Lair:1   | 8444 ||| READING scroll of enchant weapon.
  8444 | Lair:1   | 8444 ||| ENCHANTING +7 heavy war axe.
  8445 | Lair:1   | 8445 ||| READING scroll labelled NUAGHI WYPTECAGA.
  8446 | Lair:1   | 8446 ||| READING scroll labelled TOQOUH RISI.
  8447 | Lair:1   | 8447 ||| READING 5 scrolls of identify.
  8447 | Lair:1   | 8447 ||| IDENTIFYING fizzy purple potion
  8490 | Lair:2   | Received a gift from Okawaru
  8491 | Lair:2   | 8491 ||| INVOKING Heroism.
  8508 | Lair:2   | Reached skill level 12 in Axes
  8526 | Lair:2   | 8526 ||| FLEEEEING.
  8527 | Lair:2   | 8527 ||| FLEEEEING.
  8528 | Lair:2   | 8528 ||| FLEEEEING.
  8529 | Lair:2   | 8529 ||| STAIRDANCE
  8543 | Lair:2   | Reached skill level 6 in Invocations
  8553 | Lair:2   | 8553 ||| Stepping ~*~*~tactically~*~*~ (stealth).
  8554 | Lair:2   | 8554 ||| INVOKING Heroism.
  8565 | Lair:2   | 8565 ||| Stepping ~*~*~tactically~*~*~ (stealth).
  8643 | Lair:2   | 8643 ||| INVOKING Heroism.
  8649 | Lair:2   | Received a gift from Okawaru
  8650 | Lair:2   | Reached skill level 6 in Shields
  8673 | Lair:2   | 8673 ||| Stepping ~*~*~tactically~*~*~ (stealth).
  8676 | Lair:2   | 8676 ||| Stepping ~*~*~tactically~*~*~ (stealth).
  8779 | Lair:2   | Noticed a death yak
  8780 | Lair:2   | 8780 ||| INVOKING Heroism.
  8780 | Lair:2   | Noticed a death yak
  8780 | Lair:2   | Noticed a death yak
  8780 | Lair:2   | Noticed a death yak
  8781 | Lair:2   | 8781 ||| Stepping ~*~*~tactically~*~*~ (stealth).
  8781 | Lair:2   | Noticed a death yak
  8782 | Lair:2   | 8782 ||| Stepping ~*~*~tactically~*~*~ (stealth).
  8782 | Lair:2   | Noticed a death yak
  8783 | Lair:2   | 8783 ||| Stepping ~*~*~tactically~*~*~ (stealth).
  8789 | Lair:2   | Killed a death yak
  8792 | Lair:2   | Killed a death yak
  8792 | Lair:2   | Received a gift from Okawaru
  8792 | Lair:2   | HP: 12/71 [death yak (12)]
  8793 | Lair:2   | Reached XP level 12. HP: 13/76 MP: 13/15
  8793 | Lair:2   | 8793 ||| READING 2 scrolls of teleportation.
  8793 | Lair:2   | Slain by a death yak

Levels and vault maps discovered:
D:1:      lightli_arrival_lavapool, layout_basic, amethyst_killhole
D:2:      layout_basic, guppyfry_early_lair_pool
D:3:      wad_lake_hut, layout_loops_ring, ebering_ghost_rock_garden
D:4:      layout_loops_ring, minmay_temple_entry_enclosed_plants,
          kennysheep_nondescript, guppyfry_shop_venom, uniq_blork_the_orc
D:5:      layout_loops_ring, nicolae_overflow_hallway_of_the_gods,
          minmay_misc_feat_plants, nicolae_nh_oracle_at_delphi
D:6:      layout_basic, uniq_grinder
D:7:      layout_loops_ring, chequers_temple_overflow_statue_of_worship,
          enter_bailey_5, gammafunk_ghost_hive, kennysheep_path_1
D:8:      layout_basic, gammafunk_temple_overflow_forgotten, lair_entry_dummy,
          enter_ossuary_1, minmay_three_doors, uniq_pikel
Temple:   hellmonk_temple_divided_pantheon
Lair:1:   layout_cave_pods, uniq_amaemon, uniq_urug, uniq_harold
Lair:2:   layout_roguey, minmay_swamp_entry_worms,
          nicolae_spider_entry_lesser_pyramids, wad_woods_06, roderic_batcave,
          cheibrodos_lair_lostbears, uniq_nergalle

Skill      XL: |  1  2  3  4  5  6  7  8  9 10 11 |
---------------+----------------------------------+-----
Axes           | 2 3 4 5 6 7 9 10 11 12 | 12.0
Fighting       | 4 5 6 7 9 |  9.1
Dodging        | 1 2 4 |  4.1
Armour         | 4 5 6 |  6.8
Shields        | 4 5 6 |  6.1
Invocations    | 4 7 |  7.2
Throwing       | 3 |  3.2

Action                     |  1- 3 |  4- 6 |  7- 9 | 10-12 || total
---------------------------+-------+-------+-------+-------++-------
  Melee: War axe           |    65 |   120 |   163 |   220 ||   568
  Throw: Javelin           |       |       |       |    16 ||    16
 Invoke: Heroism           |       |       |     8 |    16 ||    24
    Use: Scroll            |     3 |     6 |     4 |    10 ||    23
         Potion            |     3 |     3 |     4 |     1 ||    11
 Armour: Scale mail        |    12 |       |       |       ||    12
         Chain mail        |    30 |    88 |   141 |   139 ||   398
  Dodge: Dodged            |    33 |    64 |    89 |    94 ||   280
  Block: Buckler           |    14 |    26 |    37 |    60 ||   137

Table legend:
 A = Non-vault XP
 B = Vault XP
 C = Vault XP percentage of total XP
 D = Non-vault monster count
 E = Vault monster count
 F = Vault count percentage of total count
                 A         B        C        D         E       F
            +---------+---------+-------+---------+---------+-------
      Total |   13049 |    5841 |  30.9 |     148 |      73 |  33.0
            +---------+---------+-------+---------+---------+-------
        D:1 |      27 |       0 |   0.0 |      16 |       0 |   0.0
        D:2 |      75 |       0 |   0.0 |      16 |       0 |   0.0
        D:3 |      42 |       0 |   0.0 |       8 |       0 |   0.0
        D:4 |     301 |     153 |  33.7 |      15 |       5 |  25.0
        D:5 |     624 |      53 |   7.8 |      19 |       2 |   9.5
        D:6 |     610 |     281 |  31.5 |      15 |       1 |   6.2
        D:7 |     472 |       8 |   1.7 |      12 |       4 |  25.0
        D:8 |    1947 |    1549 |  44.3 |      19 |       4 |  17.4
     Lair:1 |    3734 |    2845 |  43.2 |      15 |       4 |  21.1
     Lair:2 |    5217 |     878 |  14.4 |      13 |       3 |  18.8
    Ossuary |       0 |      74 | 100.0 |       0 |      50 | 100.0
            +---------+---------+-------+---------+---------+-------
